Map: [ESL] Dragon Scales

Players

HeroMarine - Winner!

  • Race: Terran Terran

Bunny

  • Race: Terran Terran

Event: IEM Katowice 2023

VOD

Have the link to the VOD?

Description

Time

  • Played on: Feb. 11, 2023, 8:18 a.m.
  • Length: 10:04

All games in this series

Show
View Real Time Build Order
Export as new Build Order

HeroMarine Terran - Winner!

Build Orders:  

Get SALT Encoding   

  12  0:00  SCV  
  13  0:12  SCV  
  14  0:17  Supply Depot  
  14  0:39  Barracks  
  14  0:40  Refinery  
  14  0:52  Barracks  
  14  0:58  SCV  
  15  1:10  SCV  
  16  1:26  Reaper  
  16  1:27  Orbital Command  
  16  1:31  Refinery  
  17  1:41  Reaper  
  18  1:52  SCV  
  19  1:58  Reaper  
  20  2:02  Supply Depot  
  20  2:04  SCV  
  21  2:13  Reaper  
  22  2:17  SCV  
  22  2:29  SCV  
  23  2:30  Reaper  
  24  2:41  Factory, SCV  
  25  2:51  Reaper  
  25  2:53  SCV  
  27  2:58  Supply Depot  
  27  3:02  Reaper  
  28  3:06  SCV  
  29  3:18  SCV  
  29  3:20  Command Center  
  29  3:24  Factory Tech Lab  
  29  3:26  Reaper  
  30  3:31  SCV  
  31  3:34  Reaper  
  31  3:39  Supply Depot  
  32  3:43  SCV  
  32  3:45  Cyclone  
  36  3:55  SCV  
  37  3:59  Starport  
  37  4:07  SCV  
  38  4:11  Refinery  
  38  4:17  Cyclone  
  38  4:19  SCV  
  42  4:31  SCV  
  42  4:44  Starport Tech Lab  
  41  4:45  Orbital Command  
  41  4:48  SCV  
  41  4:49  Cyclone  
  44  4:56  Marine  
  44  5:01  SCV  
  43  5:13  SCV, Raven  
  43  5:14  Marine  
  47  5:16  Command Center  
  47  5:20  SCV  
  43  5:28  SCV  
  43  5:30  Siege Tank  
  43  5:32  SCV  
  48  5:36  Barracks Reactor  
  48  5:40  SCV  
  48  5:44  SCV  
  48  5:47  Raven  
  48  5:48  Barracks  
  48  5:49  Barracks  
  51  5:53  SCV  
  51  5:56  SCV  
  53  5:57  Refinery  
  53  5:58  Engineering Bay x2  
  53  6:02  Siege Tank  
  56  6:05  SCV  
  56  6:08  SCV  
  58  6:12  Marine x2  
  58  6:15  Supply Depot  
  58  6:17  SCV  
  61  6:20  SCV  
  61  6:25  Terran Infantry Armor Level 1, Terran Infantry Weapons Level 1  
  62  6:26  Supply Depot  
  62  6:29  Orbital Command  
  62  6:30  SCV  
  62  6:31  Starport Reactor  
  62  6:32  SCV  
  64  6:33  Marine x2  
  64  6:37  Barracks Tech Lab  
  66  6:43  SCV  
  66  6:44  Marine, Stimpack, SCV  
  72  6:47  Siege Tank  
  72  6:57  Barracks  
  72  6:59  Barracks  
  72  7:00  Orbital Command, Combat Shield  
  72  7:01  SCV x2  
  72  7:03  Marine x3  
  72  7:05  Marine  
  78  7:12  Supply Depot  
  78  7:13  SCV x2  
  80  7:16  Supply Depot  
  80  7:17  Medivac  
  80  7:18  Missile Turret  
  80  7:19  Medivac  
  84  7:25  SCV  
  84  7:28  Supply Depot  
  85  7:33  Marine x3, Siege Tank, SCV x2  
  93  7:38  Marine  
  93  7:39  SCV  
  93  7:41  Supply Depot  
  95  7:44  Barracks Reactor  
  95  7:45  SCV x2  
  95  7:46  Barracks Reactor  
  95  7:48  Refinery x2  
  95  7:50  Armory  
  95  7:51  Marine  
  97  7:54  SCV  
  97  7:57  Marine  
  97  7:58  SCV x2  
  102  7:59  Marine  
  102  8:00  Marine  
  102  8:04  Supply Depot  
  104  8:06  Sensor Tower, SCV  
  104  8:09  Marine  
  104  8:10  SCV x2  
  107  8:13  Siege Tank  
  107  8:15  Marine  
  107  8:17  Marine x2  
  107  8:18  SCV  
  114  8:22  SCV x2  
  114  8:23  Supply Depot  
  114  8:24  Marine  
  117  8:30  Marine x3  
  117  8:31  Medivac x2  
  117  8:32  Marine, Supply Depot x2  
  125  8:44  Marine, SCV x2  
  125  8:46  Marine x2  
  125  8:48  Marine  
  131  8:54  Marine x3  
  134  8:57  Siege Tank, Supply Depot  
  134  8:58  Barracks Reactor  
  134  9:00  Supply Depot x2  
  134  9:02  Marine  
  138  9:04  Marine x2  
  138  9:06  Marine  
  141  9:12  Marine x3  
  144  9:17  Factory  
  144  9:19  SCV x2  
  144  9:20  Marine, SCV, Command Center  
  144  9:22  Marine x2  
  150  9:24  Marine  
  150  9:30  Marine x2  
  153  9:31  Siege Tank, Medivac  
  160  9:45  Marine x2  
Show
View Real Time Build Order
Export as new Build Order

Bunny Terran 

Build Orders: Reaper Expand 

Get SALT Encoding   

  12  0:00  SCV  
  13  0:12  SCV  
  14  0:17  Supply Depot  
  14  0:24  SCV  
  15  0:39  SCV  
  15  0:40  Barracks  
  16  0:43  Refinery  
  16  0:51  SCV  
  17  1:03  SCV  
  18  1:15  SCV  
  19  1:26  Reaper  
  19  1:27  Orbital Command  
  20  1:40  Command Center  
  20  1:50  Bunker  
  20  1:51  Bunker  
  20  1:52  SCV  
  21  1:54  Supply Depot  
  21  1:58  Marine  
  22  2:02  Factory  
  22  2:04  SCV  
  23  2:16  Marine, SCV  
  23  2:28  SCV  
  23  2:34  Marine  
  24  2:42  SCV  
  21  2:52  Marine  
  21  2:53  Hellion  
  21  2:54  SCV  
  25  3:07  SCV  
  25  3:10  Marine  
  27  3:14  Hellion  
  27  3:19  SCV  
  28  3:28  Marine  
  28  3:31  SCV  
  28  3:32  Supply Depot  
  30  3:43  Factory Tech Lab, SCV  
  31  3:56  Command Center  
  31  3:58  SCV  
  32  4:06  Cyclone  
  35  4:11  Refinery  
  35  4:12  SCV  
  36  4:20  Starport  
  36  4:27  SCV  
  36  4:30  Supply Depot  
  32  4:40  SCV  
  32  4:41  Cyclone  
  32  4:48  Marine  
  32  4:52  SCV  
  34  5:04  SCV  
  34  5:12  Starport Tech Lab  
  34  5:13  Cyclone  
  33  5:32  Marine  
  33  5:33  SCV  
  35  5:45  SCV  
  36  5:52  Command Center  
  36  5:57  Orbital Command  
  36  5:59  SCV  
  36  6:03  Raven  
  39  6:10  Refinery, Barracks Reactor  
  40  6:11  SCV  
  40  6:22  SCV  
  40  6:23  SCV  
  42  6:32  Siege Tank  
  45  6:34  SCV  
  45  6:35  SCV  
  47  6:42  Refinery  
  47  6:46  Marine, SCV  
  49  6:47  Marine, SCV  
  49  6:49  Supply Depot  
  49  6:51  Raven  
  53  6:58  SCV  
  53  6:59  SCV  
  55  7:04  Marine, Orbital Command  
  55  7:05  Marine  
  60  7:08  Siege Tank  
  60  7:10  SCV  
  60  7:11  SCV  
  62  7:18  Barracks  
  62  7:21  Barracks  
  62  7:23  SCV  
  62  7:24  SCV  
  64  7:31  SCV  
  64  7:35  SCV  
  64  7:36  SCV, Stimpack, Viking x2  
  64  7:37  Marine  
  71  7:43  SCV  
  73  7:44  Siege Tank  
  73  7:47  SCV  
  73  7:48  SCV  
  78  7:55  Engineering Bay  
  78  7:56  Engineering Bay, Supply Depot  
  78  8:00  Marine  
  79  8:06  Viking x2  
  79  8:10  Barracks Reactor x2  
  82  8:15  Barracks  
  82  8:18  Barracks  
  82  8:21  Siege Tank  
  82  8:23  SCV  
  86  8:27  Orbital Command  
  86  8:28  SCV  
  86  8:32  Supply Depot  
  87  8:36  SCV  
  87  8:41  SCV  
  89  8:45  Marine  
  90  8:48  Supply Depot  
  90  8:49  Liberator  
  90  8:53  SCV x2  
  90  8:55  SCV, Supply Depot  
  96  8:56  Liberator  
  96  9:01  Marine x2  
  96  9:02  Barracks Reactor  
  101  9:06  Supply Depot, Barracks Reactor  
  101  9:07  Marine  
  101  9:10  Marine  
  101  9:12  Marine  
  103  9:20  Siege Tank  
  103  9:21  Marine  
  103  9:22  Marine  
  109  9:24  Marine, SCV, Supply Depot  
  109  9:25  SCV, Supply Depot, Missile Turret  
  109  9:27  Marine  
  109  9:28  SCV  
  109  9:30  Marine  
  111  9:35  Refinery x2  

Tags
 
Add a new tag
Caveats
  • Supply blocks, unpowered buildings, or Contaminate may cause inaccurate times.
  • Supply counts are checked every 10 seconds.